 Dungeon Crawl Stone Soup version 0.31-a0-618-g7ca08c1ff9 (webtiles) character file.

Game seed: 8890938095394163287

49 spiderkeys the Ruffian (level 3, -11/24 HPs)
             Began as an Octopode Shapeshifter on Aug 22, 2023.
             Killed by nerve-wracking pain
             ... invoked by Jessica
              (13 damage)
             ... on level 2 of the Dungeon.
             The game lasted 00:01:10 (1029 turns).

spiderkeys the Ruffian (Octopode Shapeshifter)      Turns: 1029, Time: 00:01:11

Health: -11/24     AC:  1    Str: 16    XL:     3   Next: 75%
Magic:  3/3        EV: 13    Int: 10    God:
Gold:   83         SH:  0    Dex: 12    Spells: 2/2 levels left

rFire   . .          .
                       - Unarmed
rCold   . . .        (no shield)
rNeg    . . .        (helmet currently unavailable)
rPois   .            (no amulet)
rElec   .            (no ring)
rCorr   .            (no ring)
SInv    .            (no ring)
Will    .....        (no ring)
Stlth   ++           (no ring)
HPRegen 0.24/turn    (no ring)
MPRegen 0.08/turn    (no ring)
                     (no ring)

%: no passive effects
@: beast-form
A: beast (slay +1), almost no armour, amphibious, 8 rings, camouflage 1,
gelatinous body 1, (nimble swimmer 1), tentacles
a: Begin Untransformation


You were on level 2 of the Dungeon.
You were a hulking beast.
You visited 1 branch of the dungeon, and saw 2 of its levels.

You collected 83 gold pieces.


Innate Abilities, Weirdness & Mutations

You are a hulking beast.
Your limbs bulge with bestial killing power. (Slay +1)
You cannot wear most types of armour.
You are amphibious.
You can wear up to eight rings at the same time.
Your skin changes colour to match your surroundings (Stealth+).
Your rubbery body absorbs attacks. (AC +1, EV +1)
((You are camouflaged when in or above water. (Stealth+)))
You have tentacles for arms and can constrict up to eight enemies at once.


   Skills:
 + Level 1.9 Fighting
 + Level 2.6 Dodging
 + Level 3.4 Unarmed Combat
 + Level 3.3 Shapeshifting


You had 2 spell levels left.
You didn't know any spells.
Your spell library contained the following spells:

 Spells                   Type           Power      Damage    Failure   Level
 Simulacrum               Ice/Necr       0%         N/A       100%        6
 Ozocubu's Refrigeration  Ice            0%         4d7       100%        7
 Polar Vortex             Ice            0%         N/A       100%        9

Inventory:

Hand Weapons
 i - a +0 morningstar
   (You found it on level 1 of the Dungeon)
Missiles
 e - 6 poisoned darts
Magical Staves
 g - a staff of earth {!a}
   (You found it on level 1 of the Dungeon)
Jewellery
 C - a ring of ice
   (You found it on level 1 of the Dungeon)
Talismans
 b - a beast talisman (active)
 c - a flux talisman
 f - a blade talisman
   (You found it on level 2 of the Dungeon)
Scrolls
 d - a scroll of identify {unknown}
 k - a scroll of fog {unknown}
Potions
 a - a potion of lignification {!q}
 h - a potion of ambrosia {unknown}
 j - a potion of attraction {unknown}

Dungeon Overview and Level Annotations

Branches:
Dungeon (2/15) Zot: 10972

Altars:

Annotations:
D:2 Jessica ......##.. #.# ......#### #.###### ......'..# #......# ......##.# #.####.#### ....####.# #.#.†...... ....# #.# #.#..# PPPP♣

##.# #...##.#
♣.P.♣ #..#
#......# ♣♣.♣
#### #h######
#)######..#
#K@......"#
#.............
####g.........
............
..#.#.#######
##.....#
##....#


You could see a gnoll, Jessica and a kobold.


Message History

No target in view!
No target in view!
No target in view!
No target in view!
You now have 83 gold pieces (gained 17).
You open the door.
There is an open door here.
Key pressed, stopping explore.
There is an open door here.
As you open the door, it creaks loudly!
A ball python comes into view.
The ball python hisses angrily. 😎 HP[+1]
Your hp is fully restored (18).
A ball python is nearby!
A ball python is nearby!
The ball python misses you. The ball python grabs you.
The ball python constricts you. The ball python closely misses you.
The ball python constricts you.
There is an open door here.
You tentacle-slap the ball python but do no damage.
Your grab misses the ball python. You squeeze the ball python.
You kill the ball python!
You see here a ball python corpse.
Found a stone staircase leading down.
k - a scroll labelled SEQURGHYPTA
There is a stone staircase leading down here.
Natasha, Servant of Life and Death comes into view.
The helpless Natasha fails to defend herself.
You bludgeon Natasha! You grab Natasha.
You constrict Natasha, but do no damage.
Natasha claws you. 😕 HP[-4]
You take 4 damage, and now have 14/18 hp.
MASSIVE DAMAGE!! (PAUSE)
You tentacle-slap Natasha. You squeeze Natasha.
You kill Natasha!
Natasha screams in pain as she dies!
You have reached level 3!
Your experience leads to an increase in your attributes!
Increase (S)trength, (I)ntelligence, or (D)exterity?
You feel stronger. x2 😕 HP[+5] MP[+1]
You now have 24 max hp (+6).
You regained 5 hp, and now have 19/24 hp.
Your mp is fully restored (3).
A goblin comes into view. It is wielding a +0 dagger.
The goblin shouts!
You hear a shout! x2
A goblin comes into view. It is wielding a +0 club. 😎 HP[+5]
Your hp is fully restored (24).
There are monsters nearby!
There are monsters nearby!
There are monsters nearby!
There are monsters nearby!
A gnoll comes into view. It is wielding a +0 spear.
Jessica the Apprentice Sorceress comes into view.
She is wielding a +0 club.
The goblin closely misses you. The goblin attacks as it pursues you!
The goblin hits you with a +0 dagger. 😕 HP[-3]
You take 3 damage, and now have 21/24 hp.
You tentacle-slap the goblin. Your grab misses the goblin.
The goblin hits you with a +0 dagger. 😕 HP[-1]
You take 1 damage, and now have 20/24 hp.
You tentacle-slap the goblin.
You kill the goblin!
A kobold comes into view. It is wielding a +0 whip.
You closely miss the goblin. Your grab misses the goblin.
You squeeze the goblin.
You kill the goblin! 😕 HP[+1]
The gnoll hits you with a +0 spear!
A gnoll comes into view. It is wielding a +0 whip.
Things that are here:
a +0 club; a +0 dagger; a goblin corpse; 😮 HP[-7]
You take 7 damage, and now have 14/24 hp.
MASSIVE DAMAGE!! (PAUSE)
You barely miss the gnoll.
Jessica shouts!
The gnoll shouts!
Your grab misses the gnoll. The gnoll hits you with a +0 spear.
* * * LOW HITPOINT WARNING * * *
😨 HP[-4]
You take 4 damage, and now have 10/24 hp.
Unknown command.
You tentacle-slap the gnoll. Your grab misses the gnoll. You squeeze the gnoll!
The gnoll misses you.
You closely miss the gnoll. You grab the gnoll. You constrict the gnoll.
The gnoll hits you with a +0 spear!
* * * LOW HITPOINT WARNING * * *
😱 HP[-8]
You take 8 damage, and now have 2/24 hp.
MASSIVE DAMAGE!! (PAUSE)
You tentacle-slap the gnoll.
You kill the gnoll!
Jessica gestures at you while chanting. Pain shoots through your body!
Ouch! That really hurt!
You die...

Action                     || total
---------------------------++-------
  Melee: Unarmed           ||    41
         Constrict         ||     7
         Tentacles         ||    10
    Use: Scroll            ||     2
   Stab: Sleeping          ||     5
 Armour: Skin              ||     3
  Dodge: Dodged            ||    13

Levels and vault maps discovered:
D:1:      minmay_arrival_floating_metal, layout_loops_ring
D:2:      layout_basic, nrook_mini_backslash, hangedman_decor_opposing,
          corexii_shack, uniq_crazy_yiuf_cottage, uniq_natasha, uniq_jessica

Notes
Turn   | Place    | Note
-------+----------+-------------------------------------------
     0 | D:1      | spiderkeys the Octopode Shapeshifter began the quest for
                  | the Orb.
     0 | D:1      | Reached XP level 1. HP: 13/13 MP: 1/1
     0 | D:1      | magus.rc [v1.11.6]
   112 | D:1      | You add the spells Simulacrum, Ozocubu's Refrigeration and
                  | Polar Vortex to your library.
   464 | D:1      | Reached XP level 2. HP: 15/18 MP: 2/2
   990 | D:2      | Noticed Natasha
   994 | D:2      | Killed Natasha
   995 | D:2      | Reached XP level 3. HP: 19/24 MP: 3/3
  1017 | D:2      | Noticed Jessica
  1028 | D:2      | HP: 2/24 [gnoll/+0 spear (9)]
  1029 | D:2      | Killed from afar by Jessica

Vanquished Creatures
  Natasha (D:2)
  A gnoll (D:2)
  A dart slug (D:1)
  3 ball pythons
  3 endoplasms
  5 goblins
  2 jackals (D:1)
  A quokka (D:2)
  A frilled lizard (D:2)
  2 kobolds (D:2)
  A rat (D:1)
21 creatures vanquished.

Table legend:
 A = Non-vault XP
 B = Vault XP
 C = Vault XP percentage of total XP
 D = Non-vault monster count
 E = Vault monster count
 F = Vault count percentage of total count
                 A         B        C        D         E       F
            +---------+---------+-------+---------+---------+-------
      Total |      49 |      36 |  42.4 |      20 |       1 |   4.8
            +---------+---------+-------+---------+---------+-------
        D:1 |      20 |       0 |   0.0 |      10 |       0 |   0.0
        D:2 |      29 |      36 |  55.4 |      10 |       1 |   9.1
            +---------+---------+-------+---------+---------+-------

Action                     || total
---------------------------++-------
  Melee: Unarmed           ||    41
         Constrict         ||     7
         Tentacles         ||    10
    Use: Scroll            ||     2
   Stab: Sleeping          ||     5
 Armour: Skin              ||     3
  Dodge: Dodged            ||    13

Illustrated notes

Table legend:
 A = Kills in this place as a percentage of kills in the entire game.
 B = Kills by you in this place as a percentage of kills by you in the entire game.
 C = Kills by friends in this place as a percentage of kills by friends in the entire game.
 D = Other kills in this place as a percentage of other kills in the entire game.
 E = Experience gained in this place as a percentage of experience gained in the entire game.
 F = Experience gained in this place divided by the number of levels of this place that you have seen.
                   A       B       C       D       E      F
               +-------+-------+-------+-------+-------+----------------------
         Total | 100.0 | 100.0 |   N/A |   N/A | 100.0 |  42.5
       Dungeon | 100.0 | 100.0 |   N/A |   N/A | 100.0 |  42.5
               +-------+-------+-------+-------+-------+----------------------

Table legend: (Time is in decaauts)
 A = Elapsed time spent in this place.
 B = Non-inter-level travel time spent in this place.
 C = Inter-level travel time spent in this place.
 D = Time resting spent in this place.
 E = Time spent auto-exploring this place.
 F = Levels seen in this place.
 G = Mean time per level.
                   A        B        C        D        E       F      G
               +--------+--------+--------+--------+--------+-----+--------+
         Total |   1026 |    983 |     43 |      0 |    849 |   2 |  513.0 |
       Dungeon |   1026 |    983 |     43 |      0 |    849 |   2 |  513.0 |
               +--------+--------+--------+--------+--------+-----+--------+

Top non-repeatable levels by time:
     D:1: 695 daAuts
     D:2: 330 daAuts
